 Dungeon Crawl Stone Soup version 0.30.0-19-gbf45117a57 (webtiles) character file.

Game seed: 2386165351504467160

22462 qw the Cleaver (level 13, -4/82 HPs)
             Began as a Gargoyle Fighter on May 23, 2023.
             Was a Priest of Okawaru.
             Slain by a death yak (18 damage)
             ... on level 4 of the Lair of Beasts.
             The game lasted 00:06:12 (12263 turns).

qw the Cleaver (Gargoyle Fighter)                  Turns: 12263, Time: 00:06:13

Health: -4/82      AC: 31    Str: 30    XL:     13   Next: 0%
Magic:  13/16      EV: 10    Int: 10    God:    Okawaru [***...]
Gold:   988        SH: 11    Dex:  9    Spells: 12/12 levels left

rFire   . . .        Y - +2 war axe (venom)
rCold   + . .        c - +0 buckler
rNeg    + + .        v - +0 plate armour
rPois   inf          p - +0 helmet
rElec   +            a - +0 cloak
rCorr   .            g - +0 pair of gloves
SInv    .            (no boots)
Will    .....        w - amulet of Buxe Nyl {Reflect rN+ SH+5} Stlth
                     u - +6 ring of strength
HPRegen 0.33/turn    y - ring of protection from cold
MPRegen 0.15/turn

%: reflection
@: about to teleport, heroic
A: sickness immunity, AC +9, negative energy resistance 1, electricity
resistance, torment resistance 1, petrification resistance
a: Renounce Religion, Heroism


You were on level 4 of the Lair of Beasts.
You worshipped Okawaru.
Okawaru was most pleased with you.
You visited 3 branches of the dungeon, and saw 15 of its levels.
You also visited: Ossuary.

You collected 988 gold pieces.


Innate Abilities, Weirdness & Mutations

You are immune to sickness and miasma.
Your stone body is resilient. (AC +9)
You are immune to poison.
You resist negative energy. (rN+)
You are resistant to electric shocks. (rElec)
You are resistant to unholy torment.
You are immune to petrification.


   Skills:
 - Level 10.1(15.1) Fighting
 - Level 14.0(19.0) Axes
 - Level 4.0(9.0) Throwing
 - Level 10.0(15.0) Armour
 - Level 3.8(8.8) Dodging
 + Level 6.1(11.1) Shields
 - Level 4.0 Invocations


You had 12 spell levels left.
You didn't know any spells.
Your spell library was empty.

Inventory:

Hand Weapons
 r - the +10 whip of the Heavens {heavy, Int+3}
   (You found it on level 4 of the Dungeon)

   Int:       It affects your intelligence (+3).
 Y - a +2 war axe of venom (weapon)
Missiles
 f - 5 boomerangs
 m - 3 javelins (quivered)
Armour
 a - a +0 cloak (worn)
 c - a +0 buckler (worn)
 g - a +0 pair of gloves (worn)
 j - the +1 scale mail "Ynejutidah" {rCorr}
   (You found it on level 2 of the Dungeon)

   rCorr:     It protects you from acid and corrosion.
 p - a +0 helmet (worn)
 v - a +0 plate armour (worn)
Jewellery
 h - a ring of ice
 u - a +6 ring of strength (left hand)
 w - the amulet of Buxe Nyl (around neck) {Reflect rN+ SH+5}
   (You acquired it on level 10 of the Dungeon)

   [amulet of reflection]

   It reflects blocked missile attacks.
   rN:        It protects you from negative energy.
   SH:        It affects your SH (+5).
 x - a ring of fire
 y - a ring of protection from cold (right hand)
 A - a +6 ring of dexterity
Wands
 t - a wand of digging (8)
Scrolls
 n - 11 scrolls of identify
 s - a scroll of teleportation
Potions
 b - 4 potions of haste
 d - 5 potions of might
 e - 8 potions of lignification
 i - a potion of mutation
 k - 3 potions of attraction
 l - 5 potions of curing
 q - 2 potions of cancellation
 z - 2 potions of heal wounds

Dungeon Overview and Level Annotations

Branches:
Dungeon (10/15)            Temple (1/1) D:4            Lair (4/5) D:9
 Shoals (0/4) Lair:3        Snake (0/4) Lair:3        Slime (0/5) Lair:4
    Orc (0/2) D:9         Ossuary (visited)

Altars:
Ashenzari
Cheibriados
Dithmenos
Elyvilon
Fedhas
Gozag
Hepliaklqana
Kikubaaqudgha
Makhleb
Nemelex Xobeh
Okawaru
Qazlal
Ru
Sif Muna
Trog
Uskayaw
Vehumet
Wu Jian
Xom
Yredelemnul
Zin
The Shining One
Jiyva

Annotations:
D:5 1 runed translucent door, Crazy Yiuf
Lair:2 1 runed translucent door, qw's ghost, journeyman GrFi
Lair:3 2 transporters


Message History

The death yak gores you but does no damage. x2
The death yak gores you.
You barely miss the death yak.
The death yak is severely wounded.
You hit the death yak.
The death yak looks as sick as possible!
You hit the death yak.
The death yak looks as sick as possible!
You block the death yak's attack. The death yak closely misses you.
The death yak gores you!
You slice the death yak!!
You kill the death yak!
Okawaru is honoured by your kill.
You hit the death yak. You hit the death yak but do no damage.
The death yak looks as sick as possible!
The death yak closely misses you. You block the death yak's attack.
Your base Axes skill increases to level 14!
You have reached level 13!
You hit the death yak.
The death yak is severely wounded.
You hit the death yak.
The death yak looks as sick as possible!
You completely miss the death yak.
The death yak is severely wounded.
You barely miss the death yak.
The death yak gores you but does no damage. x2
You slash the death yak!
The death yak is almost dead.
You completely miss the death yak.
You feel like a meek peon again. The death yak barely misses you. x2
12262 ||| INVOKING Heroism.
You gain the combat prowess of a mighty hero.
The death yak gores you but does no damage.
The death yak gores you!
12263 ||| READING 2 scrolls of teleportation.
As you read the scroll of teleportation, it crumbles to dust.
You feel strangely unstable. The death yak gores you!!
You die...

## ########## ###
#.###...#.##.###Y.#.##P
...............@%.....(
...............Y.......
.......................
##.P...##..............
###....##............!.
#P...##P...............
##P..###..........>.....
#....##...[.............
#.#....#......................


You could see 2 death yaks.

Vanquished Creatures
  Fannar (D:10)
  Josephine (Lair:3)
  2 hydras (Lair:3)
  2 death yaks (Lair:4)
  Urug (Lair:1)
  2 skysharks
  A deep troll (Lair:1)
  Pikel (D:9)
  A deep elf zephyrmancer (D:8)
  A guardian serpent (Lair:3)
  2 black mambas (Lair:2)
  6 cane toads
  6 komodo dragons
  A troll (D:9)
  A polar bear (Lair:2)
  3 hornets
  Prince Ribbit (D:8)
  4 blink frogs (Lair:1)
  10 yaks
  3 wyverns
  5 wraiths
  A basilisk (Lair:2)
  2 steam dragons
  Duvessa (D:5)
  12 water moccasins
  2 orc warriors
  3 ice beasts
  4 black bears
  2 ogres (D:7)
  10 wolves
  7 centaurs
  A phantom (D:4)
  2 bullfrogs (Lair:2)
  A kobold brigand (D:9)
  A gnoll sergeant (D:9)
  2 scorpions
  3 water moccasin zombies (Ossuary)
  4 wights
  Dowan (D:5)
  2 howler monkeys
  2 electric eels (Lair:1)
  A crimson imp (D:9)
  2 bullfrog zombies (Ossuary)
  6 hounds
  5 centaur zombies (Ossuary)
  2 gnoll boudas
  9 orc priests
  A jelly (D:7)
  3 iguanas
  2 sleepcaps (D:5)
  9 orc wizards
  2 scorpion zombies (Ossuary)
  2 ogre zombies (Ossuary)
  14 gnolls
  13 adders
  2 shadow imps (D:6)
  2 ufetubi
  3 adder zombies (Ossuary)
  2 worms
  4 dart slugs
  41 orcs
  7 endoplasms
  3 giant cockroaches
  7 goblins
  9 hobgoblins
  8 jackals
  6 quokkas
  8 ball pythons
  5 bats
  3 goblin zombies (Ossuary)
  2 hobgoblin zombies (Ossuary)
  14 kobolds
  4 orc zombies (Ossuary)
  5 rats
324 creatures vanquished.

Vanquished Creatures (others)
  A wizard (D:9)
  2 gnolls (D:8)
3 creatures vanquished.

Grand Total: 327 creatures vanquished

Notes
Turn   | Place    | Note
-------+----------+-------------------------------------------
     0 | D:1      | qw the Gargoyle Fighter began the quest for the Orb.
     0 | D:1      | Reached XP level 1. HP: 14/14 MP: 1/1
     0 | D:1      | 0 ||| qw: Version: 0.2-a-98-g5d7165a
     0 | D:1      | 0 ||| qw: Game counter: 41
     0 | D:1      | 0 ||| qw: Always use a shield: true
     0 | D:1      | 0 ||| qw: God list: Okawaru
     0 | D:1      | 0 ||| qw: Allow faded altars: false
     0 | D:1      | 0 ||| qw: Do Orc after D:15 true
     0 | D:1      | 0 ||| qw: Do second Lair branch before Depths: true
     0 | D:1      | 0 ||| qw: Lair rune preference: random
     0 | D:1      | 0 ||| qw: Plans: Normal, Zot:1-4, God:TSO, Crypt, Tomb,
                  | Pan, Slime:5, Hells, Abyss, Win
     0 | D:1      | 0 ||| PLANNING D:1-11
    52 | D:1      | Reached skill level 2 in Axes
   205 | D:1      | Reached XP level 2. HP: 17/19 MP: 2/2
   273 | D:1      | Reached skill level 3 in Axes
   352 | D:1      | 352 ||| Stepping ~*~*~tactically~*~*~ (hiding).
   357 | D:1      | Reached XP level 3. HP: 22/23 MP: 3/3
   363 | D:1      | Found a faded altar of an unknown god.
   367 | D:1      | 367 ||| Stepping ~*~*~tactically~*~*~ (stealth).
   397 | D:1      | 397 ||| Stepping ~*~*~tactically~*~*~ (stealth).
   460 | D:1      | 460 ||| DROPPING +0 club.
   570 | D:1      | 570 ||| Stepping ~*~*~tactically~*~*~ (hiding).
   769 | D:1      | 769 ||| UPGRADING to +0 chain mail.
   779 | D:1      | 779 ||| DROPPING +0 scale mail.
   780 | D:1      | 780 ||| READING scroll labelled ZYOLEYWNANA.
   781 | D:1      | 781 ||| READING scroll labelled WAUMPA LEBA.
   782 | D:1      | 782 ||| READING scroll labelled HETZATSAUBA.
   783 | D:1      | 783 ||| READING scroll labelled QUXTUE QUZAIG.
   857 | D:2      | Reached XP level 4. HP: 26/28 MP: 4/4
   898 | D:2      | 898 ||| Stepping ~*~*~tactically~*~*~ (stealth).
   996 | D:2      | Identified the +1 scale mail "Ynejutidah" {rCorr}
  1004 | D:2      | Reached skill level 4 in Axes
  1066 | D:2      | 1066 ||| Stepping ~*~*~tactically~*~*~ (stealth).
  1078 | D:2      | 1078 ||| Stepping ~*~*~tactically~*~*~ (stealth).
  1080 | D:2      | 1080 ||| Stepping ~*~*~tactically~*~*~ (stealth).
  1082 | D:2      | 1082 ||| Stepping ~*~*~tactically~*~*~ (stealth).
  1084 | D:2      | 1084 ||| Stepping ~*~*~tactically~*~*~ (stealth).
  1086 | D:2      | 1086 ||| Stepping ~*~*~tactically~*~*~ (stealth).
  1088 | D:2      | 1088 ||| Stepping ~*~*~tactically~*~*~ (stealth).
  1090 | D:2      | 1090 ||| Stepping ~*~*~tactically~*~*~ (stealth).
  1092 | D:2      | 1092 ||| Stepping ~*~*~tactically~*~*~ (stealth).
  1158 | D:2      | 1158 ||| Stepping ~*~*~tactically~*~*~ (stealth).
  1409 | D:2      | 1409 ||| UPGRADING to +0 cloak.
  1414 | D:2      | 1414 ||| UPGRADING to +6 ring of dexterity.
  1415 | D:2      | 1415 ||| READING scroll labelled ATESHR HEIRIEB.
  1416 | D:2      | 1416 ||| READING 2 scrolls labelled MOOSIM METHY.
  1417 | D:2      | 1417 ||| READING scroll labelled BOHUMU GAOBRI.
  1418 | D:2      | 1418 ||| READING scroll labelled MUALATHR ILLO.
  1422 | D:2      | 1422 ||| DRINKING 3 ruby potions.
  1454 | D:3      | Found a radiant altar of Vehumet.
  1550 | D:3      | 1550 ||| Stepping ~*~*~tactically~*~*~ (stealth).
  1551 | D:3      | 1551 ||| Stepping ~*~*~tactically~*~*~ (stealth).
  1552 | D:3      | 1552 ||| Stepping ~*~*~tactically~*~*~ (stealth).
  1580 | D:3      | Reached skill level 1 in Dodging
  1640 | D:3      | Reached XP level 5. HP: 32/32 MP: 5/5
  1871 | D:3      | 1871 ||| DROPPING +0 chain mail of poison resistance.
  1872 | D:3      | 1872 ||| UPGRADING to +0 helmet.
  1877 | D:3      | 1877 ||| UPGRADING to ring of positive energy.
  1878 | D:3      | 1878 ||| READING scroll labelled FALEME PASIEC.
  1879 | D:3      | 1879 ||| DRINKING 2 pink potions.
  1880 | D:3      | 1880 ||| READING 4 scrolls of identify.
  1880 | D:3      | 1880 ||| IDENTIFYING murky amethyst potion
  1881 | D:3      | 1881 ||| READING 3 scrolls of identify.
  1881 | D:3      | 1881 ||| IDENTIFYING clear potion
  1882 | D:3      | 1882 ||| READING 2 scrolls of identify.
  1882 | D:3      | 1882 ||| IDENTIFYING smoky orange potion
  1883 | D:3      | 1883 ||| DROPPING potion of magic.
  1884 | D:3      | 1884 ||| DROPPING potion of flight.
  1893 | D:4      | 1893 ||| PLANNING OSSUARY
  1932 | D:4      | 1932 ||| DROPPING +0 whip.
  2001 | D:4      | Found a staircase to the Ecumenical Temple.
  2108 | D:4      | Noticed a phantom
  2123 | D:4      | Killed a phantom
  2124 | D:4      | Reached skill level 5 in Axes
  2268 | D:4      | Found a sand-covered staircase.
  2269 | D:4      | 2269 ||| UPGRADING to amulet of the acrobat.
  2274 | D:4      | 2274 ||| DROPPING +6 ring of intelligence.
  2275 | D:4      | 2275 ||| DRINKING 2 coppery potions.
  2276 | D:4      | 2276 ||| READING 4 scrolls of identify.
  2276 | D:4      | 2276 ||| IDENTIFYING fuming sapphire potion
  2277 | D:4      | 2277 ||| READING 3 scrolls of identify.
  2277 | D:4      | 2277 ||| IDENTIFYING metallic cyan potion
  2278 | D:4      | 2278 ||| DROPPING potion of degeneration.
  2285 | Ossuary  | Entered an ossuary
  2335 | Ossuary  | Reached XP level 6. HP: 38/38 MP: 6/6
  2506 | Ossuary  | Reached skill level 6 in Axes
  2506 | Ossuary  | Reached XP level 7. HP: 42/43 MP: 7/7
  2622 | Ossuary  | Reached skill level 7 in Axes
  2676 | Ossuary  | Noticed a silent spectre
  2713 | D:4      | 2713 ||| PLANNING TEMPLE
  2713 | D:4      | 2713 ||| READING scroll labelled WECUNKENIMP.
  2714 | D:4      | 2714 ||| READING scroll labelled NINIAGOTOPO.
  2715 | D:4      | 2715 ||| READING 5 scrolls of identify.
  2715 | D:4      | 2715 ||| IDENTIFYING sedimented purple potion
  2806 | Temple   | Entered the Ecumenical Temple
  2834 | Temple   | 2834 ||| PLANNING D:1-11
  3059 | D:4      | Identified the +10 whip of the Heavens {heavy, Int+3}
  3061 | D:4      | 3061 ||| DROPPING +0 flail.
  3077 | D:4      | 3077 ||| DRINKING 2 potions of curing.
  3077 | D:4      | 3077 ||| (to cure confusion)
  3081 | D:4      | 3081 ||| DRINKING potion of curing.
  3081 | D:4      | 3081 ||| (to cure confusion)
  3086 | D:4      | Reached XP level 8. HP: 49/49 MP: 8/8
  3113 | D:4      | 3113 ||| Stepping ~*~*~tactically~*~*~ (stealth).
  3139 | D:4      | Reached skill level 1 in Throwing
  3211 | D:5      | Entered Level 5 of the Dungeon
  3251 | D:5      | 3251 ||| Stepping ~*~*~tactically~*~*~ (stealth).
  3253 | D:5      | Noticed Dowan
  3259 | D:5      | Noticed Duvessa
  3272 | D:5      | Killed Dowan
  3274 | D:5      | HP: 9/49 [Duvessa/+3 rapier of venom (17)]
  3275 | D:5      | 3275 ||| READING 3 scrolls of teleportation.
  3276 | D:5      | 3276 ||| DRINKING 2 potions of heal wounds.
  3283 | D:5      | Killed Duvessa
  3284 | D:5      | Reached skill level 8 in Axes
  3295 | D:5      | HP: 11/49 [orc priest/divine providence (12)]
  3296 | D:5      | 3296 ||| READING 2 scrolls of teleportation.
  3297 | D:5      | 3297 ||| DRINKING potion of heal wounds.
  3526 | D:5      | Found a glowing golden altar of the Shining One.
  3611 | D:5      | Reached skill level 6 in Fighting
  3949 | D:5      | 3949 ||| DROPPING +2 flail of holy wrath.
  4240 | D:5      | Found a runed translucent door.
  4241 | D:5      | Noticed Crazy Yiuf
  4317 | D:5      | 4317 ||| UPGRADING to +0 pair of gloves.
  4322 | D:5      | 4322 ||| READING scroll labelled YLINICS BIPN.
  4323 | D:5      | 4323 ||| READING 5 scrolls of identify.
  4323 | D:5      | 4323 ||| IDENTIFYING grey potion
  4324 | D:5      | 4324 ||| DROPPING potion of brilliance.
  4398 | D:6      | 4398 ||| Stepping ~*~*~tactically~*~*~ (stealth).
  4399 | D:6      | 4399 ||| Stepping ~*~*~tactically~*~*~ (stealth).
  4405 | D:6      | 4405 ||| Stepping ~*~*~tactically~*~*~ (stealth).
  4532 | D:6      | 4532 ||| READING scroll of enchant weapon.
  4532 | D:6      | 4532 ||| ENCHANTING +1 war axe of freezing.
  4561 | D:6      | Found a white marble altar of Elyvilon.
  4861 | D:6      | 4861 ||| Stepping ~*~*~tactically~*~*~ (hiding).
  4862 | D:6      | 4862 ||| Stepping ~*~*~tactically~*~*~ (hiding).
  4864 | D:6      | 4864 ||| Stepping ~*~*~tactically~*~*~ (hiding).
  4872 | D:6      | Reached XP level 9. HP: 55/55 MP: 9/9
  4945 | D:6      | 4945 ||| DRINKING 3 potions of curing.
  4945 | D:6      | 4945 ||| (to cure confusion)
  4954 | D:6      | Reached skill level 9 in Axes
  5100 | D:6      | 5100 ||| UPGRADING to +6 ring of strength.
  5102 | D:6      | 5102 ||| UPGRADING to +6 ring of dexterity.
  5104 | D:6      | 5104 ||| DROPPING ring of positive energy.
  5105 | D:6      | 5105 ||| READING scroll labelled KICESTRAA VESAL.
  5125 | D:7      | Found a shadowy altar of Dithmenos.
  5253 | D:7      | Noticed a hornet
  5261 | D:7      | Killed a hornet
  5339 | D:7      | Reached skill level 3 in Throwing
  5412 | D:7      | 5412 ||| DROPPING +4 mace.
  5475 | D:7      | 5475 ||| Stepping ~*~*~tactically~*~*~ (stealth).
  5477 | D:7      | 5477 ||| Stepping ~*~*~tactically~*~*~ (stealth).
  5479 | D:7      | 5479 ||| Stepping ~*~*~tactically~*~*~ (stealth).
  5659 | D:7      | 5659 ||| READING 6 scrolls of identify.
  5659 | D:7      | 5659 ||| IDENTIFYING brown potion
  5722 | D:8      | 5722 ||| Stepping ~*~*~tactically~*~*~ (hiding).
  5866 | D:8      | Found an ancient bone altar of Kikubaaqudgha.
  5917 | D:8      | 5917 ||| Stepping ~*~*~tactically~*~*~ (hiding).
  5959 | D:8      | Found an ornate altar of the Wu Jian Council.
  6042 | D:8      | Reached skill level 10 in Axes
  6046 | D:8      | Reached XP level 10. HP: 57/63 MP: 10/10
  6076 | D:8      | Noticed Prince Ribbit
  6081 | D:8      | Killed Prince Ribbit
  6233 | D:8      | 6233 ||| Stepping ~*~*~tactically~*~*~ (stealth).
  6235 | D:8      | 6235 ||| Stepping ~*~*~tactically~*~*~ (stealth).
  6238 | D:8      | 6238 ||| Stepping ~*~*~tactically~*~*~ (hiding).
  6290 | D:8      | Noticed a deep elf zephyrmancer
  6296 | D:8      | Killed a deep elf zephyrmancer
  6297 | D:8      | Reached skill level 6 in Armour
  6423 | D:8      | 6423 ||| DROPPING orb of wrath.
  6424 | D:8      | 6424 ||| READING scroll labelled HIJELOA BIUVVA.
  6443 | D:9      | Found a bloodstained altar of Trog.
  6443 | D:9      | Found a staircase to the Orcish Mines.
  6452 | D:9      | 6452 ||| STAIRDANCE
  6490 | D:9      | 6490 ||| READING scroll of brand weapon.
  6490 | D:9      | 6490 ||| BRANDING +2 war axe of freezing.
  6494 | D:9      | Found a staircase to the Lair.
  6560 | D:9      | Found a shimmering blue altar of Sif Muna.
  6620 | D:9      | Noticed Pikel
  6629 | D:9      | Killed Pikel
  6630 | D:9      | Reached skill level 3 in Dodging
  6633 | D:9      | 6633 ||| Stepping ~*~*~tactically~*~*~ (hiding).
  6635 | D:9      | 6635 ||| Stepping ~*~*~tactically~*~*~ (hiding).
  6644 | D:9      | 6644 ||| Stepping ~*~*~tactically~*~*~ (cloud).
  6646 | D:9      | 6646 ||| Stepping ~*~*~tactically~*~*~ (cloud).
  6667 | D:9      | HP: 6/64 [orc priest/divine providence (13)]
  6668 | D:9      | 6668 ||| READING 3 scrolls of teleportation.
  6669 | D:9      | 6669 ||| DRINKING potion of heal wounds.
  6875 | D:9      | 6875 ||| Stepping ~*~*~tactically~*~*~ (stealth).
  6896 | D:9      | 6896 ||| Stepping ~*~*~tactically~*~*~ (stealth).
  6897 | D:9      | 6897 ||| Stepping ~*~*~tactically~*~*~ (stealth).
  6900 | D:9      | Found an opulent altar of Gozag.
  7023 | D:9      | Noticed a wizard
  7025 | D:9      | 7025 ||| Stepping ~*~*~tactically~*~*~ (hiding).
  7033 | D:9      | Killed a wizard
  7034 | D:9      | Reached skill level 11 in Axes
  7259 | D:9      | 7259 ||| Stepping ~*~*~tactically~*~*~ (stealth).
  7261 | D:9      | 7261 ||| Stepping ~*~*~tactically~*~*~ (hiding).
  7263 | D:9      | 7263 ||| Stepping ~*~*~tactically~*~*~ (hiding).
  7275 | D:9      | 7275 ||| Stepping ~*~*~tactically~*~*~ (stealth).
  7277 | D:9      | 7277 ||| Stepping ~*~*~tactically~*~*~ (hiding).
  7290 | D:9      | 7290 ||| Stepping ~*~*~tactically~*~*~ (stealth).
  7293 | D:9      | 7293 ||| Stepping ~*~*~tactically~*~*~ (stealth).
  7296 | D:9      | 7296 ||| Stepping ~*~*~tactically~*~*~ (hiding).
  7307 | D:9      | Reached XP level 11. HP: 48/68 MP: 11/11
  7402 | D:9      | 7402 ||| Stepping ~*~*~tactically~*~*~ (stealth).
  7405 | D:9      | 7405 ||| Stepping ~*~*~tactically~*~*~ (stealth).
  7414 | D:9      | Found an opulent altar of Gozag.
  7414 | D:9      | Found an opulent altar of Gozag.
  7416 | D:9      | 7416 ||| Stepping ~*~*~tactically~*~*~ (stealth).
  7422 | D:9      | Reached skill level 9 in Fighting
  7436 | D:9      | Found an opulent altar of Gozag.
  7438 | D:9      | Found a blossoming altar of Fedhas.
  7507 | D:9      | Found a basalt altar of Yredelemnul.
  7507 | D:9      | Found a snail-covered altar of Cheibriados.
  7601 | D:9      | Found a hazy altar of Hepliaklqana.
  7606 | D:9      | 7606 ||| UPGRADING to +0 plate armour.
  7616 | D:9      | 7616 ||| DROPPING +0 chain mail.
  7646 | D:10     | Entered Level 10 of the Dungeon
  7683 | D:10     | Noticed Fannar
  7684 | D:10     | 7684 ||| Stepping ~*~*~tactically~*~*~ (hiding).
  7715 | D:10     | Killed Fannar
  7984 | D:10     | Found a broken altar of Ashenzari.
  8261 | D:10     | Found a shimmering altar of Xom.
  8403 | D:10     | Found an iron altar of Okawaru.
  8404 | D:10     | 8404 ||| PLANNING OKAWARU WORSHIP
  8412 | D:10     | 8412 ||| DROPPING ring of flight.
  8413 | D:10     | 8413 ||| READING scroll labelled MOLARIYCLU.
  8413 | D:10     | Identified a scroll of acquirement
  8413 | D:10     | 8413 ||| ACQUIRING amulet of Buxe Nyl {Reflect rN+ SH+5}
  8413 | D:10     | Acquired the amulet of Buxe Nyl {Reflect rN+ SH+5}
  8420 | D:10     | Became a worshipper of Warmaster Okawaru
  8420 | D:10     | 8420 ||| PLANNING D:1-11
  8484 | D:10     | 8484 ||| PLANNING LAIR
  8484 | D:10     | 8484 ||| UPGRADING to amulet of Buxe Nyl {Reflect rN+
                  | SH+5}.
  8494 | D:10     | 8494 ||| DROPPING amulet of the acrobat.
  8548 | Lair:1   | Entered Level 1 of the Lair of Beasts
  8619 | Lair:1   | Noticed a deep troll
  8625 | Lair:1   | Killed a deep troll
  8765 | Lair:1   | Noticed Urug
  8766 | Lair:1   | Noticed a skyshark
  8777 | Lair:1   | Reached * piety under Okawaru
  8778 | Lair:1   | 8778 ||| INVOKING Heroism.
  8782 | Lair:1   | Killed a skyshark
  8783 | Lair:1   | Reached skill level 12 in Axes
  8783 | Lair:1   | HP: 12/71 [Urug/bolt of acid (8)]
  8784 | Lair:1   | 8784 ||| READING 2 scrolls of teleportation.
  8785 | Lair:1   | 8785 ||| DRINKING 3 potions of heal wounds.
  8788 | Lair:1   | Killed Urug
  8789 | Lair:1   | Reached skill level 1 in Invocations
  9022 | Lair:1   | 9022 ||| INVOKING Heroism.
  9030 | Lair:1   | Reached skill level 3 in Invocations
  9033 | Lair:1   | Reached ** piety under Okawaru
  9142 | Lair:1   | 9142 ||| Stepping ~*~*~tactically~*~*~ (stealth).
  9143 | Lair:1   | 9143 ||| Stepping ~*~*~tactically~*~*~ (stealth).
  9144 | Lair:1   | 9144 ||| Stepping ~*~*~tactically~*~*~ (stealth).
  9146 | Lair:1   | 9146 ||| INVOKING Heroism.
  9428 | Lair:1   | 9428 ||| INVOKING Heroism.
 10008 | Lair:2   | 10008 ||| INVOKING Heroism.
 10011 | Lair:2   | Reached skill level 9 in Armour
 10011 | Lair:2   | Reached XP level 12. HP: 76/76 MP: 12/15
 10018 | Lair:2   | Reached skill level 6 in Shields
 10112 | Lair:2   | 10112 ||| Stepping ~*~*~tactically~*~*~ (stealth).
 10126 | Lair:2   | Found a runed translucent door.
 10132 | Lair:2   | Noticed qw's ghost (journeyman GrFi)
 10317 | Lair:2   | Noticed a skyshark
 10327 | Lair:2   | Killed a skyshark
 10493 | Lair:2   | 10493 ||| INVOKING Heroism.
 10532 | Lair:2   | 10532 ||| INVOKING Heroism.
 10584 | Lair:2   | Reached *** piety under Okawaru
 10656 | Lair:2   | 10656 ||| INVOKING Heroism.
 10703 | Lair:2   | 10703 ||| Stepping ~*~*~tactically~*~*~ (stealth).
 10982 | Lair:2   | 10982 ||| READING scroll labelled PUOXOB ZASU.
 10983 | Lair:2   | 10983 ||| DRINKING 2 metallic blue potions.
 10984 | Lair:2   | 10984 ||| DROPPING potion of invisibility.
 10998 | Lair:3   | Noticed a six-headed hydra
 10999 | Lair:3   | 10999 ||| INVOKING Heroism.
 11004 | Lair:3   | Killed a six-headed hydra
 11119 | Lair:3   | 11119 ||| Stepping ~*~*~tactically~*~*~ (stealth).
 11145 | Lair:3   | Noticed a six-headed hydra
 11146 | Lair:3   | 11146 ||| INVOKING Heroism.
 11151 | Lair:3   | 11151 ||| SWAPPING to +10 whip of the Heavens {heavy,
                  | Int+3}.
 11155 | Lair:3   | Killed a six-headed hydra
 11156 | Lair:3   | Reached skill level 13 in Axes
 11156 | Lair:3   | 11156 ||| SWAPPING to +2 war axe of venom.
 11173 | Lair:3   | Found a staircase to the Shoals.
 11226 | Lair:3   | 11226 ||| INVOKING Heroism.
 11279 | Lair:3   | Noticed Josephine
 11295 | Lair:3   | 11295 ||| INVOKING Heroism.
 11297 | Lair:3   | Killed Josephine
 11425 | Lair:3   | Found a staircase to the Snake Pit.
 11431 | Lair:3   | Found a transporter.
 11433 | Lair:3   | Found a transporter.
 11434 | Lair:3   | Noticed a boulder beetle
 11434 | Lair:3   | Noticed a boulder beetle
 11632 | Lair:3   | 11632 ||| Stepping ~*~*~tactically~*~*~ (hiding).
 11892 | Lair:3   | 11892 ||| UPGRADING to ring of protection from cold.
 11894 | Lair:3   | 11894 ||| READING scroll labelled GEUVYTZOBAR.
 11945 | Lair:4   | Found a staircase to the Slime Pits.
 11945 | Lair:4   | Found a viscous altar of Jiyva.
 11964 | Lair:4   | 11964 ||| Stepping ~*~*~tactically~*~*~ (stealth).
 11965 | Lair:4   | 11965 ||| Stepping ~*~*~tactically~*~*~ (stealth).
 11966 | Lair:4   | 11966 ||| Stepping ~*~*~tactically~*~*~ (stealth).
 11967 | Lair:4   | 11967 ||| Stepping ~*~*~tactically~*~*~ (stealth).
 12057 | Lair:4   | Reached **** piety under Okawaru
 12097 | Lair:4   | 12097 ||| INVOKING Heroism.
 12134 | Lair:4   | 12134 ||| INVOKING Heroism.
 12162 | Lair:4   | 12162 ||| INVOKING Heroism.
 12243 | Lair:4   | Noticed a death yak
 12243 | Lair:4   | Noticed a death yak
 12243 | Lair:4   | Noticed a death yak
 12244 | Lair:4   | 12244 ||| INVOKING Heroism.
 12245 | Lair:4   | Noticed a death yak
 12252 | Lair:4   | Killed a death yak
 12258 | Lair:4   | Killed a death yak
 12259 | Lair:4   | Reached skill level 14 in Axes
 12259 | Lair:4   | Reached XP level 13. HP: 24/82 MP: 14/16
 12262 | Lair:4   | 12262 ||| INVOKING Heroism.
 12262 | Lair:4   | HP: 14/82 [death yak (11)]
 12263 | Lair:4   | 12263 ||| READING 2 scrolls of teleportation.
 12263 | Lair:4   | Slain by a death yak

Levels and vault maps discovered:
D:1:      heliophobic_arrival_ceremonial_halls, layout_loops_cross,
          nicolae_ecumenical_snake_handling, kennysheep_decorative_pillar,
          minmay_heptomino_l4
D:2:      layout_rooms
D:3:      layout_rooms, old_standard_altar, chequers_serial_rivers_micro_d
D:4:      layout_loops_ring, minmay_temple_entry_fiery,
          nicolae_ossuary_entry_monument, dreamdust_gnoll_farm
D:5:      layout_basic, mainiacjoe_overflow_cross_hatched,
          chequers_serial_rivers_micro_d, uniq_duvessa, uniq_crazy_yiuf_cottage
D:6:      minmay_spotlight, layout_gridville, nicolae_elyvilon_peaceful_grove,
          dk_vineyard_3
D:7:      layout_rooms, nicolae_dithmenos_through_a_glass_darkly,
          grunt_ministairs_14, grunt_decor_fettered
D:8:      layout_rooms, mainiacjoe_overflow_catwalk,
          mainiacjoe_overflow_boulevard, guppyfry_early_elven_hall,
          uniq_prince_ribbit1
D:9:      layout_rooms, bloody_trog, nicolae_sif_muna_little_library,
          mainiacjoe_overflow_alcove_1, amethyst_overflow_temple_binary,
          nicolae_gozag_conspicuous_consumption, fedhas_bush_and_centaur_altar,
          minivault_25, lightli_wizard_tower, uniq_pikel
D:10:     layout_long_grid, okawaru_altar_gauntlet_db,
          mainiacjoe_overflow_big_doors, uniq_fannar
Temple:   nicolae_temple_ecumenical_triangle
Lair:1:   dreamdust_cave_troll, layout_layer_cave, cheibrodos_lair_reptile_den,
          serial_bayou_shore_a, uniq_urug
Lair:2:   layout_small_grid, ebering_ghost_reflecting_pool
Lair:3:   gammafunk_boulding_lane, layout_regular_city, shoals_dummy_entry,
          minmay_snake_entry_spellcaster, serial_bayou_shore_b, uniq_josephine
Lair:4:   layout_long_grid, slime_entry_1, forest_entry_grove

Skill      XL: |  1  2  3  4  5  6  7  8  9 10 11 12 |
---------------+-------------------------------------+-----
Axes           | 2 3 4 5 6 7 8 10 11 12 14 | 14.0
Dodging        | 1 2 3 |  3.8
Fighting       | 4 5 6 7 8 9 10 | 10.1
Throwing       | 1 3 4 |  4.0
Armour         | 4 5 6 9 10 | 10.0
Shields        | 4 5 6 |  6.1
Invocations    | 4 |  4.0

Action                     |  1- 3 |  4- 6 |  7- 9 | 10-12 | 13-15 || total
---------------------------+-------+-------+-------+-------+-------++-------
  Melee: War axe           |    68 |   158 |   300 |   434 |     3 ||   963
         Whip              |       |       |       |     4 |       ||     4
  Throw: Boomerang         |       |    33 |    37 |     9 |       ||    79
         Javelin           |       |       |    20 |    99 |       ||   119
 Invoke: Heroism           |       |       |       |    16 |     1 ||    17
    Use: Scroll            |     4 |    10 |    10 |     7 |     1 ||    32
         Potion            |       |     3 |     5 |     3 |       ||    11
 Armour: Scale mail        |    27 |       |       |       |       ||    27
         Chain mail        |    14 |   105 |   162 |    77 |       ||   358
         Plate armour      |       |       |       |   137 |     3 ||   140
  Dodge: Dodged            |    39 |    69 |   124 |   155 |     2 ||   389
  Block: Buckler           |     9 |    33 |    77 |   163 |       ||   282

Table legend:
 A = Non-vault XP
 B = Vault XP
 C = Vault XP percentage of total XP
 D = Non-vault monster count
 E = Vault monster count
 F = Vault count percentage of total count
                 A         B        C        D         E       F
            +---------+---------+-------+---------+---------+-------
      Total |   23443 |    8646 |  26.9 |     252 |      74 |  22.7
            +---------+---------+-------+---------+---------+-------
        D:1 |      45 |      11 |  19.6 |      23 |       6 |  20.7
        D:2 |      71 |       0 |   0.0 |      26 |       0 |   0.0
        D:3 |      46 |       0 |   0.0 |      11 |       0 |   0.0
        D:4 |     248 |     101 |  28.9 |      21 |       5 |  19.2
        D:5 |     534 |     222 |  29.4 |      27 |       2 |   6.9
        D:6 |     367 |     128 |  25.9 |      13 |       3 |  18.8
        D:7 |     961 |     361 |  27.3 |       9 |       4 |  30.8
        D:8 |    1039 |     820 |  44.1 |      21 |       2 |   8.7
        D:9 |    2782 |    1421 |  33.8 |      36 |       4 |  10.0
       D:10 |     947 |     899 |  48.7 |       8 |       7 |  46.7
     Lair:1 |    4479 |    1931 |  30.1 |      20 |       9 |  31.0
     Lair:2 |    4303 |       0 |   0.0 |      14 |       0 |   0.0
     Lair:3 |    3117 |    1960 |  38.6 |       7 |       5 |  41.7
     Lair:4 |    4504 |       0 |   0.0 |      16 |       0 |   0.0
    Ossuary |       0 |     792 | 100.0 |       0 |      27 | 100.0
            +---------+---------+-------+---------+---------+-------
